 Dungeon Crawl Stone Soup version 0.29-a0-234-g0dae59b3db (webtiles) character file.

Game seed: 6045329049666904695

43 bande the Covered (level 3, -5/24 HPs)
             Began as a Gargoyle Fighter on Mar 3, 2022.
             Slain by a gnoll
             ... wielding a +0 halberd
              (9 damage)
             ... on level 2 of the Dungeon.
             The game lasted 00:01:46 (1253 turns).

bande the Covered (Gargoyle Fighter)                Turns: 1253, Time: 00:01:47

Health: -5/24      AC: 10    Str: 19    XL:     3   Next: 58%
Magic:  3/3        EV:  9    Int:  8    God:
Gold:   51         SH:  4    Dex: 11    Spells: 2/2 levels left

rFire   . . .      SeeInvis .   a - +0 war axe
rCold   . . .      Faith    .   c - +0 buckler
rNeg    + . .      Spirit   .   b - +0 scale mail
rPois   ∞          Reflect  .   (no helmet)
rElec   +          Harm     .   (no cloak)
rCorr   .          Rampage  .   (no gloves)
Will    .....                   (no boots)
Stlth   ..........              (no amulet)
HPRegen 0.08/turn               (no ring)
MPRegen 0.08/turn               (no ring)

@: no status effects
A: sickness immunity, AC +3, negative energy resistance 1, electricity
resistance, torment resistance 1, petrification resistance
a: no special abilities


You were on level 2 of the Dungeon.
You visited 1 branch of the dungeon, and saw 2 of its levels.

You collected 51 gold pieces.

Inventory:

Hand Weapons
 a - a +0 war axe (weapon)
Missiles
 i - a throwing net (quivered)
Armour
 b - a +0 scale mail (worn)
 c - a +0 buckler (worn)
Scrolls
 f - 2 scrolls of teleportation
 k - 2 scrolls of blinking
Potions
 d - a potion of might
 h - a potion of curing
 l - a potion of brilliance {unknown}


   Skills:
 + Level 3.7 Fighting
 + Level 2.3 Axes
 + Level 3.9 Armour
 + Level 3.5 Shields


You had 2 spell levels left.
You didn't know any spells.
Your spell library contained the following spells:

 Spells                   Type           Power      Damage    Failure   Level
 Corpse Rot               Necr/Air       0%         N/A       94%         2
 Poisonous Vapours        Pois/Air       0%         N/A       94%         2


Dungeon Overview and Level Annotations

Branches:
Dungeon (2/15)

Altars:

Shops:
D:1 =


Innate Abilities, Weirdness & Mutations

You are immune to sickness and miasma.
Your stone body is resilient. (AC +3)
You are immune to poison.
You resist negative energy. (rN+)
You are resistant to electric shocks. (rElec)
You are resistant to unholy torment.
You are immune to petrification.


Message History

The air around you briefly surges with heat, but it dissipates.
It was a scroll of immolation.
Blink to where?
Press: ? - help, Dir - move target
As you read the scroll labelled ZUITOL ABRIJ, it crumbles to dust.
It was a scroll of blinking.
Your surroundings suddenly seem different. 2 gnolls come into view.
The gnoll shouts! x2; You hear a shout!
You hear a bark!
You hear a shout!
A gnoll comes into view. It is wielding a +0 spear.
There are monsters nearby!
You slash the gnoll!
The gnoll is heavily wounded.
The gnoll hits you with a +0 club.
A gnoll comes into view. It is wielding a +0 halberd.
You closely miss the gnoll.
The gnoll is heavily wounded.
The gnoll hits you but does no damage.
A jackal comes into view.
You closely miss the gnoll.
The gnoll is heavily wounded.
You closely miss the gnoll. The gnoll closely misses you.
The gnoll hits you with a +0 club. The gnoll hits you but does no damage.
You block the gnoll's attack. The gnoll misses you.
You closely miss the gnoll.
The gnoll is heavily wounded.
You hit the gnoll. The gnoll hits you but does no damage.
You block the gnoll's attack. The gnoll hits you but does no damage.
A hobgoblin comes into view.
The gnoll closely misses you.
You slash the gnoll!
You kill the gnoll!
You hit the gnoll but do no damage. You block the gnoll's attack.
The gnoll closely misses you.
The gnoll hits you from afar with a +0 halberd!
* * * LOW HITPOINT WARNING * * *
The gnoll misses you. The gnoll hits you with a +0 flail.
* * * LOW HITPOINT WARNING * * *
The gnoll hits you from afar with a +0 halberd!
You die...

####.# # ......
.##. ### ##.###
....###.. ...##
....g.# .......
..h.### .######
#gg..# ......#
#g# #####.( #@#
#. #.# #. #.# #.
... #.### #.# #
#.!.### #.#
.######...# #..
...#####.#######
####..#.......#


You could see 3 gnolls, a jackal and a hobgoblin.

Vanquished Creatures
  A gnoll (D:2)
  A dart slug (D:1)
  5 endoplasms (D:1)
  2 giant cockroaches
  2 goblins (D:1)
  5 hobgoblins (D:1)
  A quokka (D:2)
  4 ball pythons
  4 bats
  2 frilled lizards (D:1)
  2 kobolds (D:1)
  A rat (D:1)
30 creatures vanquished.

Notes
Turn   | Place    | Note
-------+----------+-------------------------------------------
     0 | D:1      | bande the Gargoyle Fighter began the quest for the Orb.
     0 | D:1      | Reached XP level 1. HP: 14/14 MP: 1/1
   228 | D:1      | Reached XP level 2. HP: 18/19 MP: 2/2
   425 | D:1      | Found Qotiw's Jewellery Shop.
   669 | D:1      | Noticed a shining eye
   673 | D:1      | Found a faded altar of an unknown god.
   674 | D:1      | Noticed a great orb of eyes
   674 | D:1      | Noticed an eye of devastation
   674 | D:1      | Noticed a floating eye
   678 | D:1      | Reached XP level 3. HP: 18/23 MP: 3/3
  1253 | D:2      | Slain by a gnoll

Illustrated notes

Levels and vault maps discovered:
D:1:      elethiomel_arrival_infinity_welcomes_careful_drivers, layout_basic,
          hellmonk_ecumenical_altar_watching_god, serial_shops,
          nicolae_shop_waterfront
D:2:      layout_rooms

Skill      XL: |  1  2 |
---------------+-------+-----
Axes           | 2 |  2.3
Fighting       | |  3.7
Armour         | |  3.9
Shields        | |  3.5

Action                   || total
-------------------------++-------
Melee: War axe           ||    83
  Use: Scroll            ||     5
Armor: Scale mail        ||    53
Dodge: Dodged            ||    41
Block: Buckler           ||    26

Table legend: (Time is in decaauts)
 A = Elapsed time spent in this place.
 B = Non-inter-level travel time spent in this place.
 C = Inter-level travel time spent in this place.
 D = Time resting spent in this place.
 E = Time spent auto-exploring this place.
 F = Levels seen in this place.
 G = Mean time per level.
                   A        B        C        D        E       F      G
               +--------+--------+--------+--------+--------+-----+--------+
         Total |   1288 |   1267 |     21 |      0 |   1047 |   2 |  644.0 |
       Dungeon |   1288 |   1267 |     21 |      0 |   1047 |   2 |  644.0 |
               +--------+--------+--------+--------+--------+-----+--------+

Top non-repeatable levels by time:
     D:1: 1180 daAuts
     D:2: 107 daAuts
